 Dungeon Crawl Stone Soup version 0.31-a0-542-gdc2a67831c (webtiles) character file.

Game seed: 4008515415176528949

10849 Dittersdorf the Fighter (level 11, -2/73 HPs)
             Began as a Gargoyle Fighter on Aug 14, 2023.
             Was a High Priest of Okawaru.
             Killed from afar by Erica (23 damage)
             ... with a bolt of dispelling energy
             ... on level 1 of the Lair of Beasts.
             The game lasted 00:17:25 (9119 turns).

Dittersdorf the Fighter (Gargoyle Fighter)          Turns: 9119, Time: 00:17:26

Health: -2/73      AC: 36    Str: 25    XL:     11   Next: 68%
Magic:  20/20      EV: 12    Int:  8    God:    Okawaru [*****.]
Gold:   479        SH:  7    Dex: 12    Spells: 10/10 levels left

rFire   . . .        g - +2 flail (protect)
rCold   . . .        c - +1 buckler
rNeg    + + .        C - +0 plate armour
rPois   ∞            (no helmet)
rElec   +            v - +0 cloak
rCorr   .            J - +1 pair of gloves
SInv    .            a - +1 pair of boots of the Black Moon {rN+ Stlth+}
Will    .....        w - amulet of the Yeti {Regen+ Dex+3} Stlth
                     m - +5 ring of evasion
HPRegen 1.12/turn    y - ring of magical power
MPRegen 0.17/turn

%: no passive effects
@: mighty, under a protective aura
A: sickness immunity, AC +8, negative energy resistance 1, electricity
resistance, torment resistance 1, petrification resistance
a: Renounce Religion, Heroism, Finesse, Duel


You were on level 1 of the Lair of Beasts.
You worshipped Okawaru.
Okawaru was extremely pleased with you.
You visited 2 branches of the dungeon, and saw 11 of its levels.
You also visited: Bailey.

You collected 479 gold pieces.

Inventory:

Hand Weapons
 g - a +2 flail of protection (weapon)
 t - a +1 morningstar
Armour
 a - the +1 pair of boots of the Black Moon (worn) {rN+ Stlth+}
   (You acquired it on level 10 of the Dungeon)

   rN+:       It protects you from negative energy.
   Stlth+:    It makes you more stealthy.
 c - a +1 buckler (worn)
 v - a +0 cloak (worn)
 C - a +0 plate armour (worn)
 G - a +0 pair of boots of flying
 J - a +1 pair of gloves (worn)
Magical Staves
 B - a staff of earth
Jewellery
 m - a +5 ring of evasion (left hand)
 s - a ring of fire
 w - the amulet of the Yeti (around neck) {Regen+ Dex+3}
   (You found it on level 6 of the Dungeon)

   [amulet of regeneration]

   Dex+3:     It affects your dexterity (+3).
   Regen+:    It increases your rate of health regeneration.
 x - a ring of wizardry
 y - a ring of magical power (right hand)
 D - the ring "Xuaqekh" {Ice Int+4}
   (You acquired it on level 8 of the Dungeon)

   [ring of ice]

   Ice:       It enhances your ice magic.
   Int+4:     It affects your intelligence (+4).
   rF-:       It makes you vulnerable to fire.
   rC+:       It protects you from cold.
 E - the ring "Goimots" {EV+5 Str+2}
   (You found it in a bailey)

   [ring of evasion]

   EV+5:      It affects your evasion (+5).
   Str+2:     It affects your strength (+2).
Wands
 b - a wand of quicksilver (10)
 p - a wand of flame (57) (quivered)
 z - a wand of iceblast (19)
 I - a wand of paralysis (1)
Scrolls
 o - a scroll of teleportation
 r - a scroll of identify
 u - 2 scrolls of enchant weapon
 F - a scroll of enchant armour
 H - 2 scrolls of fog
Potions
 d - 3 potions of might
 e - 2 potions of haste {unknown}
 f - a potion of resistance
 h - a potion of ambrosia
 i - 2 potions of heal wounds
 j - 4 potions of mutation
 k - 4 potions of enlightenment
 l - 2 potions of curing
 n - 2 potions of invisibility
 A - 7 potions of degeneration {unknown}


   Skills:
 + Level 10.5 Fighting
 + Level 9.4 Maces & Flails
 + Level 10.5 Armour
 + Level 10.5 Shields


You had 10 spell levels left.
You didn't know any spells.
Your spell library contained the following spells:

 Spells                   Type           Power      Damage    Failure   Level
 Sandblast                Erth           0%         2d4       99%         1
 Slow                     Hex            0%         N/A       99%         1
 Ensorcelled Hibernation  Hex/Ice        0%         N/A       100%        2
 Passwall                 Tmut/Erth      0%         N/A       100%        2
 Confusing Touch          Hex            0%         N/A       100%        3
 Dazzling Flash           Conj/Hex       0%         N/A       100%        3
 Ignite Poison            Fire/Tmut/Pois 0%         N/A       100%        3
 Portal Projectile        Hex/Tloc       0%         N/A       100%        3
 Stone Arrow              Conj/Erth      0%         3d7       100%        3
 Vampiric Draining        Necr           0%         2d6       100%        3
 Volatile Blastmotes      Fire/Tloc      0%         2d10      100%        3
 Anguish                  Hex/Necr       0%         N/A       100%        4
 Dispel Undead            Necr           0%         3d6       100%        4
 Leda's Liquefaction      Hex/Erth       0%         N/A       100%        4
 Freezing Cloud           Conj/Ice/Air   0%         6-21      100%        5
 Starburst                Conj/Fire      0%         6d3       100%        6
 Maxwell's Capacitive Co  Air            0%         ∞         100%        8
 Cigotuvi's Dreadful Rot  Necr/Pois/Air  Unusable   N/A       N/A         2
 Call Canine Familiar     Summ           Unusable   N/A       N/A         3
 Death Channel            Necr           Unusable   N/A       N/A         6

Dungeon Overview and Level Annotations

Branches:
Dungeon (10/15)            Temple (0/1) D:7            Lair (1/5) D:8
 Bailey (visited)
    Orc: D:9-12

Altars:
Cheibriados
Fedhas
Gozag
Makhleb
Okawaru
Ru
Sif Muna
Uskayaw
Wu Jian

Annotations:
D:3 2 transporters, LobsterGuardian's ghost, amateur DsFE
D:6 1 runed translucent door, arvidsem's ghost, novice TrFi
Lair:1 Erica


Innate Abilities, Weirdness & Mutations

You are immune to sickness and miasma.
Your stone body is resilient. (AC +8)
You are immune to poison.
You resist negative energy. (rN+)
You are resistant to electric shocks. (rElec)
You are resistant to unholy torment.
You are immune to petrification.


Message History

You thump something! The elephant barely misses you.
The elephant trunk-slaps you but does no damage.
You hear a zap.
A bolt of dispelling energy appears from out of thin air!
The bolt of dispelling energy misses you.
The elephant closely misses you.
The elephant trunk-slaps you but does no damage.
The elephant closely misses you. You block the elephant's attack.
You miss something. You block the elephant's attack. x2
The elephant tramples you but does no damage.
The elephant completely misses you.
You hear a zap.
A bolt of dispelling energy appears from out of thin air!
The bolt of dispelling energy hits you.
* * * LOW HITPOINT WARNING * * *
The elephant closely misses you. The elephant misses you.
You thump something! You block the elephant's attack.
The elephant trunk-slaps you but does no damage.
Something hits you but does no damage. You block the elephant's attack.
The elephant closely misses you.
The elephant tramples you but does no damage.
The elephant barely misses you.
You feel much better.
The elephant tramples you but does no damage.
The elephant trunk-slaps you but does no damage.
You hear some strange, mumbled words.
A bolt of poison appears from out of thin air!
The bolt of poison hits you but does no damage.
You resist.
The elephant tramples you but does no damage.
The elephant barely misses you. The elephant closely misses you.
You block the elephant's attack.
You feel very mighty all of a sudden. The elephant misses you.
The elephant trunk-slaps you but does no damage.
You hear a zap.
A bolt of dispelling energy appears from out of thin air!
The bolt of dispelling energy hits you!!
Your magical effects are unravelling.
You die...

####
##Y.##.###
#@Y.......
#{Y#####.#
##F# #..
#..# ..##
#.# #..


You could see 3 elephants and a cane toad.

Vanquished Creatures
  4 two-headed ogres
  Urug (D:9)
  Jeremiah (D:7)
  An orc knight (Bailey)
  Maurice (D:10)
  Grinder (D:4)
  A shadow (D:10)
  3 wyverns
  4 yaks (D:10)
  Grum (D:10)
  A steam dragon (D:6)
  2 water moccasins
  13 orc warriors
  A sky beast (D:6)
  An ice beast (D:6)
  3 black bears
  3 centaurs
  2 wolves (D:9)
  A phantom (D:7)
  3 kobold brigands
  Blork the orc (D:5)
  A bullfrog (D:8)
  3 scorpions
  9 wights
  17 killer bees
  3 howler monkeys (D:7)
  3 orc priests
  5 hounds
  2 jellies
  3 sleepcaps
  An iguana (D:5)
  15 orc wizards
  5 gnolls
  8 adders
  A white imp (D:4)
  2 ufetubi
  4 worms
  A dart slug (D:1)
  33 orcs
  7 ball pythons
  4 endoplasms
  3 giant cockroaches
  10 goblins
  7 hobgoblins
  5 jackals
  3 quokkas (D:3)
  5 bats
  4 frilled lizards
  31 kobolds
  6 rats
250 creatures vanquished.

Vanquished Creatures (others)
  An orc wizard (D:10)
1 creature vanquished.

Grand Total: 251 creatures vanquished

Notes
Turn   | Place    | Note
-------+----------+-------------------------------------------
     0 | D:1      | Dittersdorf the Gargoyle Fighter began the quest for the
                  | Orb.
     0 | D:1      | Reached XP level 1. HP: 14/14 MP: 1/1
   164 | D:1      | Reached XP level 2. HP: 19/19 MP: 2/2
   368 | D:1      | You fall into a shaft and drop 1 floor!
   597 | D:1      | Reached XP level 3. HP: 5/23 MP: 3/3
   864 | D:2      | Found a faded altar of an unknown god.
   867 | D:2      | Reached XP level 4. HP: 29/29 MP: 4/4
  1052 | D:2      | Identified the +8 spear "Newtslayer" {elec, rPois rCorr
                  | Dex+3}
  1272 | D:3      | Noticed an ogre
  1274 | D:3      | Noticed LobsterGuardian's ghost (amateur DsFE)
  1286 | D:3      | Found a transporter.
  1394 | D:3      | Found an opulent altar of Gozag.
  1544 | D:3      | Found a transporter.
  1556 | D:3      | Found an iron altar of Okawaru.
  1574 | D:3      | Reached XP level 5. HP: 21/33 MP: 3/5
  1700 | D:3      | Found a sacrificial altar of Ru.
  1733 | D:3      | Became a worshipper of Warmaster Okawaru
  1896 | D:4      | Noticed Grinder
  1947 | D:4      | Paralysed by Grinder for 2 turns
  1951 | D:4      | Killed Grinder
  1951 | D:4      | Reached * piety under Okawaru
  1952 | D:4      | Reached XP level 6. HP: 39/39 MP: 6/6
  2036 | D:4      | Found a blossoming altar of Fedhas.
  2153 | D:4      | Reached skill level 5 in Armour
  2172 | D:4      | Reached skill level 5 in Shields
  2213 | D:4      | Reached skill level 5 in Fighting
  2216 | D:4      | Reached XP level 7. HP: 44/44 MP: 7/7
  2461 | D:4      | Found a shimmering blue altar of Sif Muna.
  2589 | D:5      | Entered Level 5 of the Dungeon
  2903 | D:5      | Noticed Blork the orc
  2914 | D:5      | Killed Blork the orc
  3091 | D:5      | Reached XP level 8. HP: 45/51 MP: 5/8
  3221 | D:5      | Reached ** piety under Okawaru
  3783 | D:6      | Reached skill level 5 in Maces & Flails
  3895 | D:6      | Identified the amulet of the Yeti {Regen+ Dex+3}
  4009 | D:6      | Found a runed translucent door.
  4013 | D:6      | Noticed arvidsem's ghost (novice TrFi)
  4189 | D:6      | Identified the +2 spear of Toarr {vamp, rElec rF- rC++
                  | SInv}
  4809 | D:7      | Found a hide-covered altar of Uskayaw.
  4845 | D:6      | Reached XP level 9. HP: 56/56 MP: 9/9
  5066 | D:7      | Noticed Jeremiah
  5171 | D:7      | Killed Jeremiah
  5171 | D:7      | Reached *** piety under Okawaru
  5337 | D:7      | Found a staircase to the Ecumenical Temple.
  5733 | D:8      | Noticed a two-headed ogre
  5749 | D:7      | Killed a two-headed ogre
  5750 | D:7      | Reached XP level 10. HP: 36/65 MP: 10/10
  5779 | D:8      | Identified a scroll of acquirement
  5779 | D:8      | Acquired the ring "Xuaqekh" {Ice Int+4}
  5824 | D:8      | Reached **** piety under Okawaru
  6029 | D:8      | Found a burning altar of Makhleb.
  6578 | D:8      | Found a snail-covered altar of Cheibriados.
  6973 | D:8      | Found a staircase to the Lair.
  7177 | D:9      | Found an ornate altar of the Wu Jian Council.
  7348 | D:9      | Found a flagged portal.
  7370 | Bailey   | Entered a bailey
  7481 | Bailey   | Identified the ring "Goimots" {EV+5 Str+2}
  7537 | Bailey   | Identified the +3 falchion of Defiance {drain, rPois rF-
                  | rN+ Str+3}
  7541 | Bailey   | Reached ***** piety under Okawaru
  7565 | Bailey   | Noticed an orc knight
  7602 | Bailey   | Killed an orc knight
  7603 | Bailey   | Reached XP level 11. HP: 55/72 MP: 11/11
  7898 | D:9      | Noticed a two-headed ogre
  7909 | D:9      | Killed a two-headed ogre
  7930 | D:9      | Noticed a two-headed ogre
  7943 | D:9      | Killed a two-headed ogre
  7944 | D:9      | Reached skill level 10 in Fighting
  7944 | D:9      | Reached skill level 10 in Armour
  7944 | D:9      | Reached skill level 10 in Shields
  8371 | D:10     | Entered Level 10 of the Dungeon
  8371 | D:10     | Noticed Grum
  8414 | D:10     | Noticed Urug
  8459 | D:9      | Killed Urug
  8459 | D:9      | Received a gift from Okawaru
  8510 | D:10     | Killed Grum
  8659 | D:10     | Noticed Maurice
  8663 | D:10     | Noticed a two-headed ogre
  8668 | D:10     | Killed Maurice
  8678 | D:10     | Killed a two-headed ogre
  8727 | D:10     | Acquired the +1 pair of boots of the Black Moon {rN+
                  | Stlth+}
  9083 | Lair:1   | Entered Level 1 of the Lair of Beasts
  9083 | Lair:1   | Noticed Erica
  9112 | Lair:1   | HP: 2/73 [elephant (6)]
  9119 | Lair:1   | Killed from afar by Erica

Illustrated notes

Levels and vault maps discovered:
D:1:      dpeg_arrival_rooms_c, layout_rooms
D:2:      layout_basic, ebering_ecumenical_altar_webs
D:3:      layout_rooms, mainiacjoe_overflow_24_doors,
          mainiacjoe_overflow_small_starburst, nicolae_ru_the_path_less_chosen,
          gammafunk_ghost_arena, minmay_cut_off
D:4:      layout_rooms, nicolae_sif_muna_little_library,
          mainiacjoe_overflow_paths, minivault_19, uniq_grinder
D:5:      layout_gridville, st_stairs_2, kennysheep_generic_room_10,
          uniq_blork_the_orc
D:6:      layout_basic, serial_rivers, chequers_serial_rivers_large_a,
          chequers_serial_rivers_micro_d, chequers_serial_rivers_micro_d,
          chequers_serial_rivers_room_a, chequers_serial_rivers_small_b,
          chequers_serial_rivers_micro_d, ebering_ghost_reflecting_pool,
          minmay_misc_feat_x
D:7:      layout_loops_cross, mainiacjoe_overflow_cross_hatched,
          minmay_temple_entry_fiery, uniq_jeremiah
D:8:      layout_layer_cave, cheibrodos_worm_habitat, lemuel_doored_altar,
          grunt_lair_entry_orc_guard_hut, kennysheep_pointless_box
D:9:      layout_roguey, mainiacjoe_overflow_alcove_1, enter_bailey_3,
          dk_noncrumbling_2
D:10:     layout_cave_pools, uniq_grum, uniq_maurice, uniq_urug
Lair:1:   layout_loops_ring, gammafunk_ghost_arena, nicolae_lair_lil_pond,
          chequers_serial_rivers_micro_d, uniq_erica

Skill      XL: |  1  2  3  4  5  6  7  8  9 10 11 |
---------------+----------------------------------+-----
Armour         | 4 5 6 8 9 10 | 10.5
Shields        | 4 5 6 8 9 10 | 10.5
Fighting       | 4 5 6 8 9 10 | 10.5
Maces & Flails | 3 4 5 7 8 9 |  9.4

Action                     |  1- 3 |  4- 6 |  7- 9 | 10-12 || total
---------------------------+-------+-------+-------+-------++-------
  Melee: Flail             |   113 |   156 |   368 |   568 ||  1205
 Invoke: Heroism           |       |       |     3 |     3 ||     6
  Evoke: Wand              |       |    12 |     1 |       ||    13
    Use: Scroll            |       |       |    11 |    13 ||    24
         Potion            |       |       |       |     2 ||     2
 Armour: Scale mail        |    85 |    36 |       |       ||   121
         Chain mail        |       |    36 |   251 |   244 ||   531
         Plate armour      |       |       |       |   228 ||   228
  Dodge: Dodged            |    67 |   134 |   295 |   489 ||   985
  Block: Buckler           |    36 |    44 |   127 |   242 ||   449

Table legend: (Time is in decaauts)
 A = Elapsed time spent in this place.
 B = Non-inter-level travel time spent in this place.
 C = Inter-level travel time spent in this place.
 D = Time resting spent in this place.
 E = Time spent auto-exploring this place.
 F = Levels seen in this place.
 G = Mean time per level.
                   A        B        C        D        E       F      G
               +--------+--------+--------+--------+--------+-----+--------+
         Total |   9297 |   8859 |    438 |    463 |   5695 |  12 |  774.8 |
       Dungeon |   8847 |   8410 |    437 |    463 |   5579 |  10 |  884.7 |
          Lair |     40 |     40 |      0 |      0 |      0 |   1 |   40.0 |
        Bailey |    409 |    409 |      0 |      0 |    116 |   1 |  409.0 |
               +--------+--------+--------+--------+--------+-----+--------+

Top non-repeatable levels by time:
     D:8: 1381 daAuts
     D:5: 1192 daAuts
     D:6: 1161 daAuts
     D:9: 938 daAuts
     D:7: 918 daAuts
     D:3: 707 daAuts
     D:4: 705 daAuts
     D:1: 671 daAuts
     D:2: 607 daAuts
    D:10: 562 daAuts
  Bailey: 409 daAuts
  Lair:1: 40 daAuts
